[Event "Turkish Cup 2024"]
[Site "Denizli"]
[Date "2024.08.02"]
[Round "5"]
[White "Gunal, Yusuf Kursat"]
[Black "Korkmaz, Necmettin"]
[Result "1-0"]
[ECO "D11"]
[WhiteElo "1773"]
[BlackElo "2091"]
[Annotator "RC"]
[PlyCount "75"]
[EventDate "2024.08.01"]
[EventType "swiss"]
[EventCountry "TUR"]
[SourceTitle "playchess.com"]
[Source "ChessBase"]
[SourceQuality "1"]
[TimeControl "5400+30"]

1. d4 d5 2. c4 c6 3. Nf3 Nf6 4. g3 dxc4 5. Bg2 b5 6. a4 Bb7 7. O-O e6 8. Qc2 Be7 9. Rd1 O-O 10. Nc3 b4 11. Ne4 Nxe4 12. Qxe4 Nd7 13. Bf4 a5 14. Ne5 Nf6 15. Qc2 Nd5 16. Qxc4 Nxf4 17. gxf4 Qd6 18. e3 Rfc8 19. Rac1 Rc7 20. f5 Bf6 21. fxe6 fxe6 22. f4 g5 23. Ng4 Bg7 24. fxg5 Ba6 25. Qc2 b3 26. Qe4 Be2 27. Re1 Bxg4 28. Qxg4 e5 29. d5 c5 30. Qc4 Rb8 31. Bh3 Rb4 32. Be6+ Kh8 33. Qe2 Rh4 34. Rc4 e4 35. Qg2 Qe5 36. Rf1 h5 37. gxh6 Bxh6 38. Qg8# 1-0

[Event "Turkish Cup 2024"]
[Site "Denizli"]
[Date "2024.08.02"]
[Round "5"]
[White "Sarbak, Omer"]
[Black "Dirikolu, Deniz"]
[Result "0-1"]
[ECO "C60"]
[WhiteElo "1771"]
[BlackElo "1911"]
[Annotator "RC"]
[PlyCount "84"]
[EventDate "2024.08.01"]
[EventType "swiss"]
[EventCountry "TUR"]
[SourceTitle "playchess.com"]
[Source "ChessBase"]
[SourceQuality "1"]
[TimeControl "5400+30"]

1. e4 e5 2. Nf3 Nc6 3. Bb5 g6 4. d4 exd4 5. Bg5 Be7 6. Bxe7 Qxe7 7. Bxc6 dxc6 8. Qxd4 Nf6 9. Nc3 Bg4 10. Nd2 b6 11. h3 Bd7 12. O-O-O O-O-O 13. Qe3 Rhe8 14. g4 Kb7 15. Rhe1 Bc8 16. a3 a5 17. Qg3 Nd7 18. f3 Nc5 19. Nc4 Be6 20. Ne3 b5 21. Ne2 b4 22. axb4 axb4 23. Nd4 Ra8 24. Kd2 Ra2 25. Ke2 b3 26. Kf1 Rxb2 27. Rb1 Rxb1 28. Rxb1 Qf6 29. e5 Qd8 30. c3 f6 31. exf6 Qxf6 32. Kg2 Bg8 33. Nf1 Ra8 34. Kg1 Ra2 35. g5 Qd6 36. Qxd6 cxd6 37. Ne3 b2 38. Nd1 Na4 39. Nc2 Bb3 40. Nde3 Bxc2 41. Nxc2 Nxc3 42. Nb4 Ra1 0-1

[Event "Turkish Cup 2024"]
[Site "Denizli"]
[Date "2024.08.02"]
[Round "5"]
[White "Yanikoglu, Omer"]
[Black "Kurdas, Halil Ibrahim"]
[Result "0-1"]
[ECO "D38"]
[WhiteElo "1727"]
[BlackElo "1855"]
[Annotator "NA COMBH"]
[PlyCount "80"]
[EventDate "2024.08.01"]
[EventType "swiss"]
[EventCountry "TUR"]
[SourceTitle "playchess.com"]
[Source "ChessBase"]
[SourceQuality "1"]
[TimeControl "5400+30"]

1. d4 d5 2. c4 e6 3. Nc3 Nf6 4. Nf3 Nbd7 5. Bg5 Bb4 6. a3 Bxc3+ 7. bxc3 c5 8. cxd5 exd5 9. g3 Qa5 10. Bd2 c4 11. Bg2 O-O 12. O-O Re8 13. Qc2 Rxe2 14. Rfe1 Rxe1+ 15. Rxe1 Qxa3 16. Nh4 Qb3 $17 17. Qc1 Nf8 18. Bg5 Ne4 19. Bxe4 dxe4 20. Rxe4 Be6 21. Ng2 Bd5 22. Re1 Bxg2 23. Kxg2 a5 24. Be7 Qb5 25. Re5 Qd7 26. Bxf8 f6 27. Re7 Qc6+ 28. f3 Rxf8 29. Qf4 Kh8 30. Rc7 Qa4 31. Rxb7 Qc2+ 32. Kh3 Qxc3 33. Qc7 Rg8 34. d5 Qxf3 35. d6 Qf1+ 36. Kg4 h5+ 37. Kxh5 Qh3+ 38. Kg6 Qg4+ 39. Kf7 Qh5+ 40. Ke6 Qe5+ 0-1

[Event "Turkish Cup 2024"]
[Site "Denizli"]
[Date "2024.08.02"]
[Round "5"]
[White "Yogurtcuoglu, Cagan"]
[Black "Yardimci, Can"]
[Result "1/2-1/2"]
[ECO "D87"]
[WhiteElo "1713"]
[BlackElo "1930"]
[Annotator "RC"]
[PlyCount "67"]
[EventDate "2024.08.01"]
[EventType "swiss"]
[EventCountry "TUR"]
[SourceTitle "playchess.com"]
[Source "ChessBase"]
[SourceQuality "1"]
[TimeControl "5400+30"]

1. d4 Nf6 2. c4 g6 3. Nc3 d5 4. cxd5 Nxd5 5. e4 Nxc3 6. bxc3 Bg7 7. Bc4 c5 8. Ne2 O-O 9. O-O Nc6 10. Be3 Qc7 11. Rc1 Rd8 12. Bf4 Qd7 13. dxc5 Qe8 14. Qc2 Bd7 15. Rfd1 Rac8 16. Bd5 Na5 17. Be3 Bb5 18. Qb2 e6 19. Bb3 Bf8 20. Rxd8 Rxd8 21. Nd4 Bd3 22. Re1 Rc8 23. c6 bxc6 24. Bc2 Bxc2 25. Qxc2 c5 26. Nb3 Qa4 27. Re2 Nc4 28. Bc1 Rd8 29. h3 a5 30. Bg5 Rd7 31. e5 Rd5 32. Bf6 Qb5 33. Re4 a4 34. Qe2 1/2-1/2

[Event "Turkish Cup 2024"]
[Site "Denizli"]
[Date "2024.08.02"]
[Round "5"]
[White "Ozturk, Baran"]
[Black "Demirag, Batuhan"]
[Result "1/2-1/2"]
[ECO "E15"]
[WhiteElo "1701"]
[BlackElo "1912"]
[Annotator "RC"]
[PlyCount "78"]
[EventDate "2024.08.01"]
[EventType "swiss"]
[EventCountry "TUR"]
[SourceTitle "playchess.com"]
[Source "ChessBase"]
[SourceQuality "1"]
[TimeControl "5400+30"]

1. d4 Nf6 2. Nf3 e6 3. c4 b6 4. g3 Ba6 5. Qc2 Be7 6. Bg2 Bb7 7. Nc3 c5 8. e4 cxd4 9. Nxd4 Qc8 10. Qe2 O-O 11. O-O d6 12. Rd1 a6 13. Be3 Nbd7 14. f4 Re8 15. Nb3 Bf8 16. Rac1 Nc5 17. Bxc5 bxc5 18. Na5 e5 19. Nxb7 Qxb7 20. f5 Rab8 21. b3 Qc6 22. g4 Nd7 23. Rd3 Be7 24. Qf2 Nb6 25. Rcd1 Red8 26. h4 h6 27. Rh3 f6 28. Bf3 Rf8 29. g5 fxg5 30. hxg5 Bxg5 31. Bh5 Rf6 32. Bg6 Rbf8 33. Qg2 Rxg6 34. fxg6 Rf6 35. Rf1 Rxg6 36. Rg3 Qe8 37. Nd1 Nd7 38. Nf2 Nf6 39. Nh3 Qd8 1/2-1/2

[Event "Turkish Cup 2024"]
[Site "Denizli"]
[Date "2024.08.02"]
[Round "5"]
[White "Harmansa, Kagan"]
[Black "Demirci, Fatih"]
[Result "0-1"]
[ECO "B15"]
[WhiteElo "1688"]
[BlackElo "1885"]
[Annotator "NA COMBH"]
[PlyCount "46"]
[EventDate "2024.08.01"]
[EventType "swiss"]
[EventCountry "TUR"]
[SourceTitle "playchess.com"]
[Source "ChessBase"]
[SourceQuality "1"]
[TimeControl "5400+30"]

1. e4 c6 2. d4 d5 3. Nc3 dxe4 4. Nxe4 Nf6 5. Nxf6+ exf6 6. c3 Bd6 7. Bd3 O-O 8. Qc2 Re8+ 9. Be3 h5 10. Ne2 h4 11. h3 Nd7 12. O-O Nf8 13. Qd2 g5 14. f4 g4 15. hxg4 Bxg4 16. Rae1 f5 17. Nc1 $11 Re6 18. Qf2 Rg6 19. Kh2 Nh7 20. Qc2 Qg5 21. Kh1 Qh5 22. Bg1 h3 23. g3 Bf3+ 0-1

[Event "Turkish Cup 2024"]
[Site "Denizli"]
[Date "2024.08.02"]
[Round "5"]
[White "Sirin, Ahmet"]
[Black "Kilic, Ihsan"]
[Result "1-0"]
[ECO "C42"]
[WhiteElo "1660"]
[BlackElo "1911"]
[Annotator "RC"]
[PlyCount "155"]
[EventDate "2024.08.01"]
[EventType "swiss"]
[EventCountry "TUR"]
[SourceTitle "playchess.com"]
[Source "ChessBase"]
[SourceQuality "1"]
[TimeControl "5400+30"]

1. e4 e5 2. Nf3 Nf6 3. Nxe5 d6 4. Nf3 Nxe4 5. Nc3 Nf6 6. d4 Be7 7. h3 O-O 8. Bd3 Re8 9. O-O Nbd7 10. Re1 b6 11. d5 Bb7 12. Bf4 g6 13. Bc4 a6 14. a4 Nh5 15. Be3 Bf6 16. g4 Ng7 17. Bd4 Rxe1+ 18. Qxe1 Bxd4 19. Nxd4 Qh4 20. Bf1 Re8 21. Qd2 h5 22. Nf3 Qf6 23. Bg2 hxg4 24. hxg4 Ne5 25. Nxe5 Qxe5 26. f4 Qe7 27. g5 Bc8 28. Ne4 Nh5 29. Re1 Qd8 30. Qd4 Bf5 31. Bf3 Bxe4 32. Rxe4 Ng3 33. Rxe8+ Qxe8 34. Kf2 Nf5 35. Qe4 Qd8 36. Bg4 Ng7 37. Qc4 a5 38. c3 f6 39. Qd3 f5 40. Bf3 Kf7 41. b4 Qh8 42. Kg2 Qh4 43. Qd4 Kg8 44. bxa5 bxa5 45. Qe3 Kf8 46. Qd4 Kg8 47. Qc4 Kh7 48. Kf1 Qg3 49. Ke2 Qh2+ 50. Kd1 Qf2 51. Be2 Qe3 52. Qd4 Qg3 53. Kc2 Qh2 54. Kd3 c6 55. dxc6 Qg3+ 56. Kc4 Qg2 57. Kb3 Qxc6 58. Bc4 Qb7+ 59. Ka3 Qc8 60. Ka2 Nh5 61. Qd5 Qf8 62. Qxa5 Nxf4 63. Qa7+ Qg7 64. Qxg7+ Kxg7 65. a5 d5 66. a6 Ne6 67. a7 Nc7 68. Bxd5 Nxd5 69. a8=Q Nxc3+ 70. Kb3 Ne4 71. Qb7+ Kf8 72. Qc8+ Kg7 73. Qd7+ Kg8 74. Qe7 Nd2+ 75. Kc3 Ne4+ 76. Kd4 Kh8 77. Qf8+ Kh7 78. Qh6+ 1-0

[Event "Turkish Cup 2024"]
[Site "Denizli"]
[Date "2024.08.02"]
[Round "6"]
[White "Gunduz, Umut Erdem"]
[Black "Akbas, Kaan"]
[Result "1-0"]
[ECO "A35"]
[WhiteElo "2276"]
[BlackElo "1990"]
[Annotator "ChessBase"]
[PlyCount "73"]
[EventDate "2024.08.01"]
[EventType "swiss"]
[EventCountry "TUR"]
[SourceTitle "playchess.com"]
[Source "ChessBase"]
[SourceQuality "1"]
[TimeControl "5400+30"]

1. e4 c6 2. d4 d5 3. exd5 cxd5 4. c4 Nf6 5. Nc3 g6 6. cxd5 Nxd5 7. Qb3 Nxc3 8. Bc4 e6 9. bxc3 Nc6 10. Nf3 Na5 11. Bb5+ Bd7 12. Qa4 Nc6 13. d5 exd5 14. O-O Be7 15. Bh6 a6 16. Bxc6 Bxc6 17. Qd4 f6 18. Rfe1 Rf8 19. Bxf8 Kxf8 20. Qh4 Kg8 21. Nd4 Qd7 22. Re6 Rf8 23. Rae1 Rf7 24. Qf4 Bd8 25. h4 Bc7 26. Qh6 Be5 27. h5 Rg7 28. f4 Bxd4+ 29. cxd4 Qd8 30. hxg6 hxg6 31. Qh4 Kf7 32. f5 Bd7 33. fxg6+ Kxg6 34. Qg4+ Kh6 35. Qf4+ Kg6 36. Rd6 Qf8 37. Rxd7 1-0

[Event "Turkish Cup 2024"]
[Site "Denizli"]
[Date "2024.08.02"]
[Round "6"]
[White "Yildiz, Serdar Murat"]
[Black "Akkara, Omer"]
[Result "1-0"]
[ECO "B36"]
[WhiteElo "2182"]
[BlackElo "1998"]
[Annotator "ChessBase"]
[PlyCount "67"]
[EventDate "2024.08.01"]
[EventType "swiss"]
[EventCountry "TUR"]
[SourceTitle "playchess.com"]
[Source "ChessBase"]
[SourceQuality "1"]
[TimeControl "5400+30"]

1. e4 c5 2. Nf3 Nc6 3. d4 cxd4 4. Nxd4 g6 5. c4 Nf6 6. Nc3 Nxd4 7. Qxd4 d6 8. Be2 Bg7 9. Be3 O-O 10. Qd2 b6 11. O-O Bb7 12. f3 Rc8 13. Rac1 Nd7 14. b3 f5 15. exf5 Rxf5 16. Nb5 a5 17. Nd4 Bxd4 18. Bxd4 Nc5 19. Bb2 Qc7 20. f4 Ne4 21. Qe3 Qc6 22. Bf3 Rcf8 23. g3 g5 24. Rce1 gxf4 25. Qxe4 Qc5+ 26. Qd4 fxg3 27. Qxc5 gxh2+ 28. Kxh2 dxc5 29. Rg1+ Kf7 30. Rg7+ Ke8 31. Rexe7+ Kd8 32. Rd7+ Kc8 33. Rc7+ Kd8 34. Rxb7 1-0

[Event "Turkish Cup 2024"]
[Site "Denizli"]
[Date "2024.08.02"]
[Round "6"]
[White "Topuz, Mirac Melih"]
[Black "Manas, Eren"]
[Result "1-0"]
[ECO "D80"]
[WhiteElo "2148"]
[BlackElo "2013"]
[Annotator "ChessBase"]
[PlyCount "97"]
[EventDate "2024.08.01"]
[EventType "swiss"]
[EventCountry "TUR"]
[SourceTitle "playchess.com"]
[Source "ChessBase"]
[SourceQuality "1"]
[TimeControl "5400+30"]

1. d4 Nf6 2. c4 g6 3. Nc3 d5 4. Nf3 Bg7 5. Bg5 Ne4 6. Bf4 Nxc3 7. bxc3 c5 8. e3 O-O 9. cxd5 Qxd5 10. Be2 Nc6 11. O-O cxd4 12. cxd4 Bf5 13. Qa4 Rac8 14. Rac1 Qa5 15. Qb3 Qb4 16. Rc5 Qxb3 17. axb3 b6 18. Rcc1 Nb4 19. Rc4 Bd3 20. Bxd3 Nxd3 21. Bc7 b5 22. Rc3 Nb4 23. Ra1 Nd5 24. Rc5 Nxc7 25. Rac1 a5 26. Rxc7 Rxc7 27. Rxc7 Ra8 28. Rc2 a4 29. bxa4 bxa4 30. Kf1 e6 31. Ke2 a3 32. Ra2 Bf8 33. Kd3 Rc8 34. Ne1 Rc1 35. Kd2 Rb1 36. Nc2 Rb2 37. Ra1 Kg7 38. Kc3 Kf6 39. g3 h5 40. f3 g5 41. e4 e5 42. dxe5+ Kxe5 43. Rd1 Rb5 44. Rd8 Be7 45. Ra8 Rc5+ 46. Kd3 Rb5 47. Nd4 Rb2 48. Ra6 Bc5 49. f4+ 1-0

[Event "Turkish Cup 2024"]
[Site "Denizli"]
[Date "2024.08.02"]
[Round "6"]
[White "Metin, Enis"]
[Black "Yogurtcuoglu, Cagan"]
[Result "1-0"]
[ECO "B31"]
[WhiteElo "2142"]
[BlackElo "1713"]
[Annotator "ChessBase"]
[PlyCount "81"]
[EventDate "2024.08.01"]
[EventType "swiss"]
[EventCountry "TUR"]
[SourceTitle "playchess.com"]
[Source "ChessBase"]
[SourceQuality "1"]
[TimeControl "5400+30"]

1. e4 c5 2. Nf3 Nc6 3. Bb5 g6 4. Bxc6 dxc6 5. h3 Bg7 6. d3 Nf6 7. Nc3 Nd7 8. Be3 e5 9. Qd2 Qe7 10. Bh6 f6 11. Ne2 Nf8 12. Nh2 Ne6 13. Bxg7 Qxg7 14. f4 exf4 15. Nxf4 O-O 16. O-O Bd7 17. Rae1 Rae8 18. Nf3 Qe7 19. Ne2 Qd6 20. Qc3 b6 21. a4 Bc8 22. a5 b5 23. Rf2 Rd8 24. Ref1 Nd4 25. Nexd4 cxd4 26. Qd2 Kg7 27. Re2 Rde8 28. b4 c5 29. bxc5 Qxc5 30. Rb1 Bd7 31. Qb4 Rc8 32. Nxd4 Qxb4 33. Rxb4 Rc5 34. Kf2 Rfc8 35. Ke3 a6 36. Re1 Rc3 37. Rb3 Rxb3 38. cxb3 b4 39. Kd2 Rd8 40. Rc1 Bxh3 41. Nc6 1-0

[Event "Turkish Cup 2024"]
[Site "Denizli"]
[Date "2024.08.02"]
[Round "6"]
[White "Baylav, Can"]
[Black "Yildiz, Talat"]
[Result "1/2-1/2"]
[ECO "B35"]
[WhiteElo "2086"]
[BlackElo "1956"]
[Annotator "ChessBase"]
[PlyCount "105"]
[EventDate "2024.08.01"]
[EventType "swiss"]
[EventCountry "TUR"]
[SourceTitle "playchess.com"]
[Source "ChessBase"]
[SourceQuality "1"]
[TimeControl "5400+30"]

1. e4 c5 2. Nf3 Nc6 3. d4 cxd4 4. Nxd4 g6 5. Nc3 Bg7 6. Be3 Nf6 7. Bc4 O-O 8. Bb3 Re8 9. h3 d6 10. O-O Na5 11. Re1 b6 12. Qd3 Nxb3 13. axb3 Bb7 14. Bg5 a6 15. b4 b5 16. Nb3 Qc7 17. Na5 Rac8 18. Nxb7 Qxb7 19. Ra2 Rc4 20. Bxf6 Bxf6 21. Nd5 Bg7 22. c3 Rcc8 23. Rea1 Ra8 24. Ne3 Rec8 25. Ra5 Rc6 26. Qd5 e6 27. Qd3 Rd8 28. f4 Bh6 29. Rf1 d5 30. Kh1 Qd7 31. e5 d4 32. Ng4 Kg7 33. Nf6 Qc8 34. cxd4 Rc1 35. Ra1 Rxa1 36. Rxa1 Bxf4 37. Qe4 Bg5 38. Rf1 Qa8 39. Qg4 h6 40. Ne4 Be7 41. Qf4 Rf8 42. h4 Qd8 43. Nc5 Bxh4 44. Nxa6 Bg5 45. Qe4 Qa8 46. Qxa8 Rxa8 47. Nc7 Ra2 48. Nxb5 Rxb2 49. Nd6 Rxb4 50. Rxf7+ Kg8 51. Rc7 Rxd4 52. Rc8+ Kg7 53. Rc7+ 1/2-1/2

[Event "Turkish Cup 2024"]
[Site "Denizli"]
[Date "2024.08.02"]
[Round "6"]
[White "Celebi, Mehmet Alper"]
[Black "Saygin, Semir"]
[Result "1-0"]
[ECO "B23"]
[WhiteElo "1998"]
[BlackElo "1885"]
[Annotator "ChessBase"]
[PlyCount "97"]
[EventDate "2024.08.01"]
[EventType "swiss"]
[EventCountry "TUR"]
[SourceTitle "playchess.com"]
[Source "ChessBase"]
[SourceQuality "1"]
[TimeControl "5400+30"]

1. e4 c5 2. Nc3 g6 3. d4 cxd4 4. Qxd4 Nf6 5. Bb5 Bg7 6. e5 Ng8 7. Nf3 Nc6 8. Qe4 a6 9. Bxc6 dxc6 10. Be3 Qa5 11. O-O-O Bf5 12. Qh4 b5 13. Nd4 Bd7 14. Nb3 Qc7 15. Nc5 Bf5 16. g4 Bc8 17. f4 h5 18. g5 Bf5 19. Rd2 e6 20. Rd7 Qc8 21. Rhd1 Ne7 22. N3e4 Bxe4 23. Nxe4 Nf5 24. Qf2 O-O 25. Bb6 a5 26. Nc5 Qe8 27. Qf3 Ne7 28. Rd8 Rxd8 29. Rxd8 Qxd8 30. Bxd8 Rxd8 31. Qa3 Ra8 32. c4 Nf5 33. Qf3 Rc8 34. Qd3 Bf8 35. Nd7 Be7 36. Nf6+ Kf8 37. Qd7 Rd8 38. Qxc6 bxc4 39. Nd7+ Kg7 40. Nf6 Bb4 41. Qc7 Rd4 42. a3 Ne3 43. Kb1 Rd1+ 44. Ka2 Bf8 45. Ne8+ Kg8 46. Nd6 Bxd6 47. exd6 Rd2 48. d7 c3 49. d8=Q+ 1-0

[Event "Turkish Cup 2024"]
[Site "Denizli"]
[Date "2024.08.02"]
[Round "6"]
[White "Cakir, Mert"]
[Black "Ilgaz, Yusuf Kerem"]
[Result "1-0"]
[ECO "C55"]
[WhiteElo "1990"]
[BlackElo "2006"]
[Annotator "ChessBase"]
[PlyCount "47"]
[EventDate "2024.08.01"]
[EventType "swiss"]
[EventCountry "TUR"]
[SourceTitle "playchess.com"]
[Source "ChessBase"]
[SourceQuality "1"]
[TimeControl "5400+30"]

1. e4 e5 2. Nf3 Nc6 3. Bc4 Nf6 4. d3 Be7 5. Nbd2 O-O 6. O-O d5 7. exd5 Nxd5 8. Re1 Bg4 9. h3 Bh5 10. Ne4 Nb6 11. Ng3 Bg6 12. Bb3 Kh8 13. Nxe5 Nxe5 14. Rxe5 Bd6 15. Re1 f5 16. f4 Qh4 17. Qf3 Be8 18. Be3 Bc6 19. Qf2 Rae8 20. Bd4 Qh6 21. Rxe8 Bxe8 22. Re1 Bd7 23. Qe2 Rd8 24. Nxf5 1-0

[Event "Turkish Cup 2024"]
[Site "Denizli"]
[Date "2024.08.02"]
[Round "6"]
[White "Dargali, Hakan"]
[Black "Ceylan, Arda"]
[Result "1/2-1/2"]
[ECO "D24"]
[WhiteElo "1973"]
[BlackElo "1836"]
[Annotator "ChessBase"]
[PlyCount "108"]
[EventDate "2024.08.01"]
[EventType "swiss"]
[EventCountry "TUR"]
[SourceTitle "playchess.com"]
[Source "ChessBase"]
[SourceQuality "1"]
[TimeControl "5400+30"]

1. d4 Nf6 2. c4 e6 3. Nf3 d5 4. Nc3 dxc4 5. e3 a6 6. a4 b6 7. Bxc4 Bb7 8. O-O Nbd7 9. d5 exd5 10. Nxd5 Bd6 11. e4 Nxd5 12. Bxd5 Bxd5 13. Qxd5 O-O 14. e5 Be7 15. Qc4 Nc5 16. Be3 Qd3 17. Qg4 Qg6 18. Qb4 a5 19. Qb5 Qd3 20. Qc6 Qd7 21. Nd4 Qxc6 22. Nxc6 Rfe8 23. Rfd1 Nb3 24. Rab1 Bc5 25. Rd7 Bxe3 26. fxe3 Nc5 27. Rxc7 Nxa4 28. Rf1 Rf8 29. Rf2 Nc5 30. g4 h6 31. h4 Rae8 32. Rd2 Re6 33. Rd6 Ne4 34. Rxe6 fxe6 35. Nd4 Nc5 36. Rc6 Nd3 37. Rxe6 Nxb2 38. Rxb6 Nc4 39. Rb5 Nxe3 40. e6 Nxg4 41. Rxa5 Re8 42. Kg2 g6 43. Ra7 Ne3+ 44. Kf3 Nf5 45. Nxf5 gxf5 46. Ra6 Kg7 47. Kf4 Kf6 48. e7+ Kxe7 49. Kxf5 Kf7 50. Rxh6 Kg7 51. Rd6 Re7 52. Rd5 Ra7 53. Kg5 Rb7 54. h5 Ra7 1/2-1/2

[Event "Turkish Cup 2024"]
[Site "Denizli"]
[Date "2024.08.02"]
[Round "6"]
[White "Cicek, Bilal Emre"]
[Black "Sahin, Ata Sarp"]
[Result "1-0"]
[ECO "A14"]
[WhiteElo "1963"]
[BlackElo "1996"]
[Annotator "ChessBase"]
[PlyCount "51"]
[EventDate "2024.08.01"]
[EventType "swiss"]
[EventCountry "TUR"]
[SourceTitle "playchess.com"]
[Source "ChessBase"]
[SourceQuality "1"]
[TimeControl "5400+30"]

1. c4 e6 2. g3 Nf6 3. Bg2 d5 4. Nf3 Be7 5. O-O O-O 6. b3 c5 7. Bb2 d4 8. e3 Nc6 9. exd4 cxd4 10. Re1 Re8 11. d3 Bf8 12. a3 a5 13. Ne5 Bd7 14. f4 g6 15. Nd2 Bc5 16. Ndf3 h5 17. h3 Rc8 18. Qd2 Qb6 19. Rab1 Ne7 20. g4 Bc6 21. Nxf7 Kxf7 22. Ng5+ Kg7 23. Nxe6+ Kh7 24. f5 Bxg2 25. Qg5 Nfg8 26. gxh5 1-0

[Event "Turkish Cup 2024"]
[Site "Denizli"]
[Date "2024.08.02"]
[Round "6"]
[White "Kaynak, Deniz Can"]
[Black "Sarbak, Omer"]
[Result "1-0"]
[ECO "B34"]
[WhiteElo "1931"]
[BlackElo "1771"]
[Annotator "ChessBase"]
[PlyCount "71"]
[EventDate "2024.08.01"]
[EventType "swiss"]
[EventCountry "TUR"]
[SourceTitle "playchess.com"]
[Source "ChessBase"]
[SourceQuality "1"]
[TimeControl "5400+30"]

1. e4 c5 2. Nf3 Nc6 3. d4 cxd4 4. Nxd4 g6 5. Nc3 Bg7 6. Be3 Nf6 7. Nb3 d6 8. f3 Bd7 9. Qd2 Rc8 10. O-O-O O-O 11. h4 h5 12. g4 hxg4 13. h5 gxh5 14. Bh6 Ne5 15. Qg5 Ng6 16. e5 dxe5 17. fxg4 Nxg4 18. Bxg7 Kxg7 19. Bd3 f5 20. Bb5 Rc7 21. Rxh5 e6 22. Qd2 Rf7 23. Rdh1 Qg8 24. Be2 Bc6 25. Rg1 Rcd7 26. Qe1 Kf8 27. Nc5 Rde7 28. Bc4 Nf4 29. Rh4 b6 30. Nd3 Ng2 31. Rxg4 Qxg4 32. Qxe5 Qg5+ 33. Kb1 Kg8 34. Bxe6 Qf6 35. Qxf6 Rxe6 36. Qxe6 1-0

[Event "Turkish Cup 2024"]
[Site "Denizli"]
[Date "2024.08.02"]
[Round "6"]
[White "Yardimci, Can"]
[Black "Gulbas, Isa"]
[Result "1-0"]
[ECO "B15"]
[WhiteElo "1930"]
[BlackElo "1749"]
[Annotator "ChessBase"]
[PlyCount "61"]
[EventDate "2024.08.01"]
[EventType "swiss"]
[EventCountry "TUR"]
[SourceTitle "playchess.com"]
[Source "ChessBase"]
[SourceQuality "1"]
[TimeControl "5400+30"]

1. e4 c6 2. d4 d5 3. Nc3 dxe4 4. Nxe4 Nf6 5. Nxf6+ exf6 6. c3 Bd6 7. Bd3 O-O 8. Ne2 Qc7 9. h3 Nd7 10. O-O c5 11. c4 cxd4 12. Nxd4 Bc5 13. Nb5 Qc6 14. Qc2 Re8 15. Bxh7+ Kh8 16. Bf4 Ne5 17. Be4 Qb6 18. Nc3 f5 19. Bxf5 Qf6 20. Bxc8 Qxf4 21. Bxb7 Rab8 22. Bd5 Rb6 23. Qc1 Qg3 24. Na4 Rg6 25. Qc3 Bxf2+ 26. Rxf2 Nd3 27. Raf1 Re3 28. Qd2 Nxf2 29. Qxf2 Qxh3 30. Qxf7 Reg3 31. Qe6 1-0

[Event "Turkish Cup 2024"]
[Site "Denizli"]
[Date "2024.08.02"]
[Round "6"]
[White "Tirpan, Ceren"]
[Black "Yilmaz, Atakan"]
[Result "1-0"]
[ECO "A13"]
[WhiteElo "1926"]
[BlackElo "1715"]
[Annotator "ChessBase"]
[PlyCount "61"]
[EventDate "2024.08.01"]
[EventType "swiss"]
[EventCountry "TUR"]
[SourceTitle "playchess.com"]
[Source "ChessBase"]
[SourceQuality "1"]
[TimeControl "5400+30"]

1. c4 e6 2. Nf3 Nf6 3. g3 d5 4. Bg2 d4 5. O-O c5 6. e3 Nc6 7. exd4 cxd4 8. d3 Nd7 9. Na3 Be7 10. Nc2 e5 11. Re1 O-O 12. b4 Qc7 13. b5 Nd8 14. Nfxd4 exd4 15. Rxe7 Ne6 16. Ba3 Rd8 17. Qh5 g6 18. Qf3 Rf8 19. Rxe6 fxe6 20. Bxf8 Nxf8 21. Nxd4 e5 22. Qd5+ Kg7 23. Nf3 Be6 24. Qxe5+ Qxe5 25. Nxe5 Kf6 26. f4 Rb8 27. a4 Nd7 28. d4 Nxe5 29. fxe5+ Ke7 30. d5 Bf5 31. c5 1-0

[Event "Turkish Cup 2024"]
[Site "Denizli"]
[Date "2024.08.02"]
[Round "6"]
[White "Dirikolu, Deniz"]
[Black "Ozdemir, Serhan Berat"]
[Result "0-1"]
[ECO "B48"]
[WhiteElo "1911"]
[BlackElo "2194"]
[Annotator "ChessBase"]
[PlyCount "36"]
[EventDate "2024.08.01"]
[EventType "swiss"]
[EventCountry "TUR"]
[SourceTitle "playchess.com"]
[Source "ChessBase"]
[SourceQuality "1"]
[TimeControl "5400+30"]

1. e4 c5 2. Nf3 e6 3. d4 cxd4 4. Nxd4 Nc6 5. Nc3 Qc7 6. Be3 a6 7. Qd2 Nf6 8. f3 Bb4 9. a3 Be7 10. Be2 b5 11. f4 Nxd4 12. Qxd4 Bb7 13. O-O O-O 14. f5 Bd6 15. e5 Bxe5 16. Qh4 Rac8 17. Bd3 Bxh2+ 18. Kh1 Qg3 0-1

[Event "Turkish Cup 2024"]
[Site "Denizli"]
[Date "2024.08.02"]
[Round "6"]
[White "Konusoglu, Kemal Safa"]
[Black "Dokmecioglu, Burak"]
[Result "1-0"]
[ECO "A45"]
[WhiteElo "1904"]
[BlackElo "1800"]
[Annotator "ChessBase"]
[PlyCount "191"]
[EventDate "2024.08.01"]
[EventType "swiss"]
[EventCountry "TUR"]
[SourceTitle "playchess.com"]
[Source "ChessBase"]
[SourceQuality "1"]
[TimeControl "5400+30"]

1. d4 Nf6 2. Bf4 g6 3. Nc3 d5 4. e3 Bg7 5. h4 h5 6. Nf3 O-O 7. Be2 c5 8. Nb5 cxd4 9. exd4 Nc6 10. O-O Bf5 11. c3 Rc8 12. Ne5 a6 13. Na3 Nxe5 14. Bxe5 Ng4 15. Bxg7 Kxg7 16. g3 Qd7 17. Nc2 f6 18. Ne1 e5 19. dxe5 fxe5 20. Qd2 Nf6 21. Nf3 Ne4 22. Qe3 Qe7 23. Rad1 Rcd8 24. Ng5 Nxg5 25. hxg5 Qe6 26. Bf3 Bh3 27. Rfe1 e4 28. Bh1 Qf5 29. c4 Bg4 30. Rxd5 Rxd5 31. cxd5 Bf3 32. Qd4+ Kg8 33. d6 Qh3 34. Qc4+ Kh8 35. Bxf3 exf3 36. Qf1 Qf5 37. Rd1 Rd8 38. Qc4 Kh7 39. Qc3 h4 40. Re1 Rd7 41. Re8 Rg7 42. Qd4 Qxg5 43. Qxh4+ Qxh4 44. gxh4 Kh6 45. Re7 Rg8 46. Re4 g5 47. d7 gxh4+ 48. Kh2 Rd8 49. Rxh4+ Kg5 50. Rd4 Kf6 51. Kg3 Ke5 52. Rd1 Ke4 53. Re1+ Kf5 54. Rd1 Ke4 55. Rd2 b5 56. b4 Rg8+ 57. Kh4 Rd8 58. Kg5 Ke5 59. a3 Rg8+ 60. Kh6 Rd8 61. Rd3 Ke4 62. Rd6 Ke5 63. Rd1 Kf6 64. Rd6+ Ke5 65. Rd2 Kf6 66. Kh5 Kf5 67. Rd5+ Ke4 68. Rd1 Kf5 69. Kh4 Kf4 70. Rd4+ Ke5 71. Rd3 Ke4 72. Rd2 Kf4 73. Kh5 Kf5 74. Kh6 Kf6 75. Kh7 Kf7 76. Rd3 Ke6 77. Kg7 Rxd7+ 78. Rxd7 Kxd7 79. Kf6 Kd6 80. Kf5 Kd5 81. Kf4 Kc4 82. Kxf3 Kb3 83. Ke3 Kxa3 84. f4 Kxb4 85. Kd4 a5 86. f5 a4 87. f6 a3 88. f7 a2 89. f8=Q+ Kb3 90. Qf1 Kb2 91. Qe2+ Ka3 92. Qd3+ Kb2 93. Qd2+ Kb1 94. Kd3 a1=N 95. Qb4+ Ka2 96. Ke4 1-0

[Event "Turkish Cup 2024"]
[Site "Denizli"]
[Date "2024.08.02"]
[Round "6"]
[White "Akyuz, Murat"]
[Black "Uysal, Ugur"]
[Result "0-1"]
[ECO "A70"]
[WhiteElo "1890"]
[BlackElo "2114"]
[Annotator "ChessBase"]
[PlyCount "64"]
[EventDate "2024.08.01"]
[EventType "swiss"]
[EventCountry "TUR"]
[SourceTitle "playchess.com"]
[Source "ChessBase"]
[SourceQuality "1"]
[TimeControl "5400+30"]

1. Nf3 Nf6 2. d4 g6 3. c4 Bg7 4. Nc3 O-O 5. e4 d6 6. h3 c5 7. d5 e6 8. Bd3 exd5 9. cxd5 a6 10. a4 Re8 11. O-O Nbd7 12. Bf4 c4 13. Bc2 Nc5 14. e5 Nh5 15. Bg5 f6 16. exf6 Bxf6 17. Qd2 Bd7 18. a5 Rf8 19. Bh6 Bg7 20. Bxg7 Kxg7 21. Ng5 Nf4 22. Qd4+ Kg8 23. h4 h6 24. Ne6 Ncxe6 25. dxe6 Qxh4 26. Qe4 Bc6 27. e7 Rf7 28. Nd5 Bxd5 29. e8=Q+ Rxe8 30. Qxe8+ Rf8 31. Qe3 Bxg2 32. f3 Qg3 0-1